 Dungeon Crawl Stone Soup version 0.17-a0-1078-g243345b (console) character file.

24 Fusha the Caller (level 2, 0/11 HPs)
             Began as a Felid Summoner on May 18, 2015.
             Succumbed to an adder's poison
             ... on level 2 of the Dungeon.
             The game lasted 00:04:59 (1638 turns).

Fusha the Caller (Felid Summoner)                   Turns: 1638, Time: 00:04:59

Health: 0/11       AC:  1    Str:  4    XL:     2   Next: 79%
Magic:  3/6        EV: 18    Int: 16    God:
Gold:   28         SH:  0    Dex: 16    Spells: 1 memorised, 4 levels left
                                        Lives:  0   Deaths: 0

rFire  . . .     SeeInvis +     (weapon unavailable)
rCold  . . .     Clarity  .     (armour unavailable)
rNeg   . . .     SustAb   .     (shield unavailable)
rPois  .         Gourm    .     (helmet unavailable)
rElec  .         Spirit   .     (cloak unavailable)
rCorr  .         Warding  .     (gloves unavailable)
rMut   .         Stasis   .     (boots unavailable)
MR     .....                    (no amulet)
Stlth  +++.......               (no ring)
                                (no ring)

@: lethally poisoned (0 -> -7), quick, not resistant to hostile enchantments,
fairly stealthy
A: no armour, no weapons or thrown items, claws 1, fangs 3, see invisible,
carnivore 3, speed 1, shaggy fur 1, slow metabolism 1, sharp paws
a: no special abilities


You were on level 2 of the Dungeon.
You were completely stuffed.

You visited 1 branch of the dungeon, and saw 2 of its levels.

You collected 28 gold pieces.

Inventory:

Scrolls
 d - a scroll of identify {unknown}
Books
 a - a book of Callings

   Spells                             Type                      Level
   a - Summon Small Mammal            Summoning                    1
   b - Call Imp                       Summoning                    2
   c - Call Canine Familiar           Summoning                    3
   d - Summon Guardian Golem          Hexes/Summoning              3
   e - Summon Lightning Spire         Summoning/Air                4
   f - Summon Ice Beast               Ice/Summoning                4
Comestibles
 b - 2 meat rations
 c - a beef jerky
 f - a chunk of flesh


   Skills:
 + Level 0.2 Fighting
 + Level 2.8 Dodging
 * Level 3.4 Stealth
 + Level 0.8 Unarmed Combat
 + Level 2.2 Spellcasting
 * Level 4.2 Summonings


You had 4 spell levels left.
You knew the following spells:

 Your Spells              Type           Power        Failure   Level  Hunger
a - Summon Small Mammal   Summ           ###.         4%          1    #......


Dungeon Overview and Level Annotations

Branches:
Dungeon (2/15)

Altars:


Innate Abilities, Weirdness & Mutations

You cannot wear armour.
You are incapable of wielding weapons or throwing items.
You have sharp claws.
You have razor-sharp teeth.
You have supernaturally acute eyesight.
You are carnivorous and can eat meat at any time.
You cover ground quickly.
You are covered in fur (AC +1).
You have a slow metabolism.
Your sharp claws are effective at attacking unaware monsters.


Message History

Your bat's corpse disappears in a puff of smoke!
Casting: Summon Small Mammal
Confirm with . or Enter, or press ? or * to list all spells.
Your quokka completely misses the adder.
The adder bites you.
You are poisoned.
The adder poisons you!
You scratch the adder.
The adder begins to bleed from its wounds!
The adder is almost dead.
You feel sick.
Your quokka misses the adder. The adder bites you.
* * * LOW HITPOINT WARNING * * *
Your bat closely misses the adder.
Your quokka barely misses the adder.
The adder completely misses you.
You aren't carrying any potions.
Your bat misses the adder.
Your quokka closely misses the adder.
You see here a runed whip.
Your bat barely misses the adder.
Your bat closely misses the adder.
The adder barely misses you.
You die...

....# .# #..###
###.###
#...#####.....#
#<...##.....#
####..#...=.#
##...b...#
###r....#
#)S...# #...@.#
#######


You could see an adder (bleeding), a friendly quokka and a friendly bat.

Vanquished Creatures
  A hobgoblin (D:1)
  5 bats (D:1)
  2 giant cockroaches (D:1)
  3 giant newts (D:1)
  A goblin (D:1)
  3 rats (D:1)
15 creatures vanquished.

Vanquished Creatures (collateral kills)
  An ooze (D:1)
  3 hobgoblins (D:1)
  2 bats (D:1)
  A goblin (D:1)
  3 kobolds (D:1)
  2 rats (D:1)
12 creatures vanquished.

Vanquished Creatures (others)
  2 quokkas (D:1)
  A bat (D:2)
  7 rats
10 creatures vanquished.

Grand Total: 37 creatures vanquished

Notes
Turn   | Place    | Note
--------------------------------------------------------------
     0 | D:1      | Fusha the Felid Summoner began the quest for the Orb.
     0 | D:1      | Reached XP level 1. HP: 7/7 MP: 4/4
   714 | D:1      | Reached XP level 2. HP: 7/11 MP: 4/6
  1638 | D:2      | Succumbed to an adder's poison

Vault maps used:
D:1:      lightli_arrival_statuegarden
D:2:      first_bread, kennysheep_flooded_box, ashenzari_altar_1, uniq_terence,
          uniq_sigmund, uniq_crazy_yiuf_cottage

Action                   || total
-------------------------++-------
Melee: Unarmed           ||    82
 Cast: Summon Small Mamm ||    26
 Stab: Sleeping          ||     1
  Eat: Chunk             ||     9
